AoeStats
← yduggal

Nomad

507076620Analyzed
4v4 RM · 15d ago on Sep 16, 2026· 30m 24s· 8 players
Game mode
Random Map
Map size
231×231
Population
200
Speed
Normal
Resources
Standard
Victory
Conquest
Starting age
Dark Age
Ending age
Imperial Age
RankedLock teamsTeams togetherTeam positionsShared explorationLock speedFull tech treeHidden civsTurbo modeCheats
Victory
Defeat
🇺🇸 Magyars · United States
1546
+15
🇩🇪 Persians · Germany
1523
+15
🇹🇼 Mongols · Taiwan
1460
+18
🇸🇬 Dravidians · Singapore
1440
+19
🇹🇷 Koreans · Türkiye
1560
-19
🇨🇳 Spanish · China
1539
-18
🇧🇷 Italians · Brazil
1515
-17
🇨🇳 Vietnamese · China
1425
-13
anirone7589
5:07 Loom
12:18 Feudal Age
12:51 Double-Bit Axe
22:12 Castle Age
20:17 Fishing Lines
22:07 Forging
23:20 Medium Warships
23:24 Bow Saw
26:30 Iron Casting
25:52 Gillnets
27:27 Horse Collar
27:39 Gold Mining
28:53 Town Watch
31:11 Clinker Construction
虞小梅
4:23 Loom
13:25 Feudal Age
15:15 Stone Mining
18:15 Castle Age
16:43 Double-Bit Axe
19:16 Bow Saw
19:04 Fletching
19:40 Bodkin Arrow
20:10 Gold Mining
22:16 Gold Shaft Mining
26:19 Ballistics
TimTerim
6:27 Loom
12:57 Feudal Age
13:21 Town Watch
16:45 Castle Age
14:42 Stone Mining
14:55 Double-Bit Axe
15:17 Fishing Lines
15:37 Fishing Lines
16:23 Scale Barding Armor
16:12 Gold Mining
16:58 Forging
18:10 Husbandry
20:01 Iron Casting
21:19 Chain Barding Armor
21:55 Wheelbarrow
21:56 Bloodlines
22:29 Fletching
29:45 Bodkin Arrow
30:50 Gold Shaft Mining
yduggal
4:53 Loom
11:55 Feudal Age
13:58 Double-Bit Axe
18:56 Castle Age
17:06 Gold Mining
17:25 Fishing Lines
18:26 Fletching
21:46 Bodkin Arrow
25:03 Bow Saw
25:09 Padded Archer Armor
29:46 Horse Collar
Smoke Monkey.Mua
5:04 Loom
13:12 Feudal Age
20:23 Castle Age
20:02 Double-Bit Axe
22:13 Horse Collar
24:14 Fletching
27:40 Wheelbarrow
28:51 Bodkin Arrow
28:52 Town Watch
向阳花
4:05 Loom
14:10 Feudal Age
19:16 Castle Age
18:01 Double-Bit Axe
19:50 Horse Collar
20:06 Fishing Lines
WCID
5:15 Loom
14:26 Feudal Age
17:10 Double-Bit Axe
17:05 Horse Collar
19:14 Fletching
23:07 Castle Age
26:27 Bow Saw
EoK_pr1ston
5:25 Loom
15:27 Feudal Age
18:59 Castle Age
17:52 Town Watch
22:44 Double-Bit Axe
23:11 Demolition Ship
24:03 Medium Warships
25:58 Fletching
26:23 Horse Collar
30:04 Bodkin Arrow
Connection lost

Rejoining the realm…

Still unreachable

The connection could not be restored.

Session expired

The server has moved on; the page needs a fresh start.